 Dungeon Crawl Stone Soup version 0.28-a0-1389-gc726bef33b (webtiles) character file.

Game seed: 8799461370895475610

79475 Majang the Geomancer (level 16, -14/86 HPs)
             Began as a Kobold Earth Elementalist on Jan 3, 2022.
             Was the Champion of Hepliaklqana.
             Demolished by Donald (35 damage)
             ... on level 1 of the Spider Nest.
             The game lasted 02:32:59 (30233 turns).

Majang the Geomancer (Kobold Earth Elementalist)   Turns: 30233, Time: 02:32:59

Health: -14/86     AC: 14    Str:  5    XL:     16   Next: 11%
Magic:  26/29      EV: 18    Int: 33    God:    Hepliaklqana [******]
Gold:   1379       SH:  6    Dex: 14    Spells: 23/33 levels left

rFire   . . .      SeeInvis +   a - +2 dagger (venom)
rCold   . . .      Faith    .   x - +0 buckler
rNeg    . . .      Spirit   .   Q - +4 troll leather armour {Snorg}
rPois   +          Reflect  .   C - +2 helmet {SInv}
rElec   .          Harm     .   T - scarf {shadows}
rCorr   +          Rampage  .   (no gloves)
Will    +....                   p - +2 pair of boots
Stlth   ++++++....              g - amulet of the acrobat
HPRegen 1.04/turn               Y - ring of Suicidal Tendencies {rCorr Int+9 Dex-2}
MPRegen 0.21/turn               X - ring of poison resistance

@: no status effects
A: reduced essence, small, no large weapons, nightstalker 3
a: Renounce Religion, Recall Ancestor, Ancestor Identity, Transference, Idealise


You were on level 1 of the Spider Nest.
You worshipped Hepliaklqana.
Hepliaklqana was exalted by your worship.
You visited 5 branches of the dungeon, and saw 22 of its levels.
You also visited: Ossuary and Gauntlet.

You collected 3354 gold pieces.
You spent 1975 gold pieces at shops.

Inventory:

Hand Weapons
 a - a +2 dagger of venom (weapon)
 b - a +4 dagger of speed
 j - a +2 dagger of holy wrath
 J - the +5 dagger of Tension {drain, rElec rC- rN++ Dex+2}
   (You found it on level 10 of the Dungeon)

   A truly terrible weapon, it drains the life of any living foe it strikes.
   Dex:       It affects your dexterity (+2).
   rC:        It makes you vulnerable to cold.
   rElec:     It insulates you from electricity.
   rN:        It greatly protects you from negative energy.
Missiles
 c - 481 stones
Armour
 n - a scarf of resistance
 p - a +2 pair of boots (worn)
 x - a +0 buckler (worn)
 C - a +2 helmet of see invisible (worn)
 L - +4 steam dragon scales
 Q - a +4 troll leather armour (worn) {Snorg}
 S - a +1 helmet of intelligence
 T - a scarf of shadows (worn)
 U - a +2 leather armour of fire resistance
Jewellery
 g - an amulet of the acrobat (around neck)
 l - a +6 ring of dexterity
 r - an amulet of magic regeneration
 s - a +4 ring of slaying
 y - a ring of flight
 A - an amulet of reflection
 H - a ring of ice
 X - a ring of poison resistance (right hand)
 Y - the ring of Suicidal Tendencies (left hand) {rCorr Int+9 Dex-2}
   (You bought it in a shop on level 4 of the Dungeon)

   [ring of resist corrosion]

   Int:       It affects your intelligence (+9).
   Dex:       It affects your dexterity (-2).
   rCorr:     It protects you from acid and corrosion.
Wands
 q - a wand of flame (51)
Scrolls
 d - 2 scrolls of brand weapon
 e - 11 scrolls of teleportation
 f - 7 scrolls of blinking
 h - a scroll of summoning
 m - 2 scrolls of fog
 w - 3 scrolls of holy word
 B - 4 scrolls of enchant weapon
 I - 2 scrolls of identify
 K - 2 scrolls of immolation
 M - 2 scrolls of amnesia
 V - 2 scrolls of enchant armour
Potions
 i - a potion of attraction
 k - 5 potions of brilliance
 o - 5 potions of curing
 t - a potion of resistance
 u - a potion of might
 v - 3 potions of ambrosia
 z - 5 potions of mutation
 E - 7 potions of haste
 F - 5 potions of heal wounds
 G - 3 potions of lignification
 O - a potion of flight
 P - 3 potions of magic
 W - a potion of invisibility


   Skills:
 + Level 9.6 Fighting
 + Level 11.4 Short Blades
 + Level 10.8 Dodging
 + Level 12.7 Stealth
 - Level 5.6 Shields
 + Level 9.4 Spellcasting
 + Level 7.4 Conjurations
 + Level 7.4 Transmutations
 * Level 13.2 Earth Magic
 + Level 9.0 Invocations


You had 23 spell levels left.
You knew the following spells:

 Your Spells              Type           Power      Damage    Failure   Level
a - Sandblast             Erth           100%       2d20      1%          1
b - Stone Arrow           Conj/Erth      100%       3d13      1%          3
p - Petrify               Tmut/Erth      71%        N/A       1%          4
w - Passwall              Tmut/Erth      59%        N/A       1%          2

Your spell library contained the following spells:

 Spells                   Type           Power      Damage    Failure   Level
 Shock                    Conj/Air       100%       1d9       1%          1
 Dazzling Flash           Conj/Hex       80%        N/A       3%          3
 Animate Armour           Summ/Erth      100%       N/A       3%          4
 Leda's Liquefaction      Hex/Erth       28%        N/A       3%          4
 Apportation              Tloc           30%        N/A       4%          1
 Freeze                   Ice            60%        1d8       4%          1
 Hailstorm                Conj/Ice       40%        3d10      11%         4
 Iskenderun's Mystic Bla  Conj/Tloc      40%        2d9       11%         4
 Call Canine Familiar     Summ           15%        N/A       16%         3
 Frozen Ramparts          Ice            30%        1d5       16%         3
 Gell's Gravitas          Tloc           15%        N/A       16%         3
 Portal Projectile        Hex/Tloc       30%        N/A       16%         3
 Swiftness                Air            15%        N/A       16%         3
 Teleport Other           Tloc           15%        N/A       16%         3
 Alistair's Intoxication  Tmut/Pois      26%        N/A       30%         5
 Airstrike                Air            7%         N/A       45%         4
 Agony                    Necr           15%        N/A       80%         5
 Silence                  Hex/Air        7%         N/A       80%         5
 Lehudib's Crystal Spear  Conj/Erth      35%        10d9      99%         8
 Dispersal                Tloc           7%         N/A       100%        6
 Borgnjor's Revivificati  Necr           7%         N/A       100%        8
 Necromutation            Tmut/Necr      20%        N/A       100%        8
 Death's Door             Necr           7%         N/A       100%        9


Dungeon Overview and Level Annotations

Branches:
Dungeon (12/15)            Temple (1/1) D:7            Lair (6/6) D:10
 Shoals (0/4) Lair:4       Spider (1/4) Lair:3        Slime (0/5) Lair:6
    Orc (2/2) D:12            Elf (0/3) Orc:2       Ossuary (visited)
Gauntlet (visited)

Altars:
Ashenzari
Cheibriados
Dithmenos
Elyvilon
Fedhas
Gozag
Hepliaklqana
Kikubaaqudgha
Makhleb
Nemelex Xobeh
Okawaru
Qazlal
Ru
Sif Muna
Trog
Uskayaw
Vehumet
Wu Jian
Xom
Yredelemnul
Zin
The Shining One
Beogh

Shops:
D:2 [   D:3 *   D:4 **[=   D:11 ?[*!   D:12 ([   Orc:2 =*![

Annotations:
Spider:1 Donald


Innate Abilities, Weirdness & Mutations

Your life essence is reduced to manifest your ancestor. (-10% HP)
You are small and have problems with some larger weapons.
You are completely attuned to the shadows.


Message History

Ouch! That really hurt!
Donald blocks Eumel's attack.
You hear an angry hiss.
Donald says, "Ghost stories?
Ooh, I'm so scared!"
Donald says, "You're really ugly.
Did you know that?"
Donald hits you with a +0 double sword!!
* * * LOW HITPOINT WARNING * * *
You feel much better. You block Donald's attack.
The redback barely misses Eumel.
Eumel hits Donald but does no damage.
Eumel drains Donald.
You feel much better. You block Donald's attack.
The redback closely misses Eumel.
Donald blocks Eumel's attack.
Donald misses you.
The redback bites Eumel!
Something bites Eumel!
Donald completely misses you.
Casting: Petrify (mildly dangerous; 1% risk of failure)
Confirm with . or Enter, or press ? or * to list all spells.
Aiming: Stone Arrow (safe; 1% risk of failure)
Press: ? - help, Shift-Dir - straight line, f/p - Donald
Aim: Donald, wielding a +0 double sword, wearing a +0 plate armour and wearing a +0 kite shield of reflection (heavily wounded, fast, strong, poisoned, lightly drained, ally target, 89% to hit)
Donald reflects the stone arrow off his +0 kite shield of reflection!
The stone arrow hits you!!
You hear an angry hiss.
Donald hits you with a +0 double sword!!
The redback closely misses Eumel.
A redback comes into view.
Eumel barely misses Donald.
You feel much better.
Donald says, "I bet the Orb isn't even all that great."
Donald hits you with a +0 double sword!
The redback bites Eumel!
The redback bites Eumel but does no damage.
A redback comes into view.
Eumel hits the redback with a +0 dagger of draining!
The redback bites Eumel.
Donald hits you with a +0 double sword!!
* * * LOW HITPOINT WARNING * * *
As you read the scroll of summoning, it crumbles to dust.
Wisps of shadow whirl around you...
The redback barely misses Eumel.
The redback bites your culicivora!
Donald hits you with a +0 double sword!!
You die...

#....## #######...###
#.#.#.##..#.#
#....#......# #..#.
#....#..#†..###...# .#.#
####....#s#s..#..# #.#.
#...#.#.ss##...# ....
.... ####..###s..#.^#.#
#..## #.. #....##
#.#@##...####..###..
##...##
#@B#..##......^..#
###..##
##R##.....#..#...#
#.^.†##
#.ss.#..##.#.^.###
###.<.####^..s.#.#......#
###.^# #...#.##....##...
#### ..##......#.# #..
#...###


You could see the friendly Eumel the hexer, Donald (fast, strong, poisoned,
drained, ally target), 3 redbacks, a friendly pharaoh ant (summoned), a friendly
culicivora (summoned) and 3 friendly redbacks.

Vanquished Creatures
  The ghost of highc0 the Carver, a journeyman HuWr of Ashenzari (Lair:3)
  2 fire dragons (Lair:6)
  7 hydras
  A radroach (Spider:1)
  2 ogre magi (Orc:2)
  A boulder beetle (D:12)
  8 two-headed ogres
  The ghost of bezhaha the Destroyer, a journeyman OpWz of Gozag (D:10)
  10 skeletal warriors (D:12)
  An orb spider (Lair:3)
  An orc knight (Orc:1)
  A swamp dragon (Lair:6)
  2 deep trolls
  A lindwurm (Lair:6)
  The ghost of Tycho the Digger, a novice GrEE (D:6)
  A deep elf zephyrmancer (D:7)
  An ugly thing (D:12)
  A deep elf pyromancer (D:8)
  6 cyclopes
  A manticore (D:11)
  8 elephants
  7 cane toads
  3 black mambas
  2 gargoyles (D:12)
  3 torpor snails (Lair:6)
  2 yaktaurs (D:12)
  An unseen horror (D:12)
  4 rime drakes
  8 komodo dragons
  4 kobold demonologists
  A queen bee (Lair:3)
  9 trolls
  10 hornets
  Grinder (D:3)
  4 tyrant leeches (Lair:6)
  16 blink frogs
  3 polar bears
  6 dream sheep
  6 slime creatures
  2 jumping spiders (Spider:1)
  2 culicivoras (Spider:1)
  A shadow (D:10)
  39 yaks
  A wraith (D:10)
  5 basilisks
  4 steam dragons
  3 vampire mosquitoes (D:12)
  9 redbacks
  2 wargs (Orc:2)
  4 acid dragons
  Edmund (D:5)
  20 water moccasins
  Duvessa (D:5)
  An ice beast (D:6)
  18 orc warriors
  3 black bears
  2 necrophages (D:6)
  19 ogres
  A sky beast (D:5)
  9 centaurs
  12 wolves
  A phantom (D:5)
  A kobold brigand (D:9)
  9 bullfrogs
  A gnoll sergeant (D:6)
  A wyvern zombie (D:6)
  13 scorpions
  2 hexers
  Dowan (D:5)
  17 killer bees
  3 wights (D:10)
  4 howler monkeys
  11 jellies
  3 electric eels
  5 centaur zombies
  9 orc priests
  3 bullfrog skeletons
  2 hounds
  A centaur skeleton (D:7)
  Jessica (D:3)
  5 iguanas
  A scorpion zombie (Ossuary)
  Natasha (thrice) (D:2)
  18 orc wizards
  A killer bee zombie (D:7)
  2 hound skeletons
  3 mummies (Ossuary)
  11 gnolls
  A howler monkey skeleton (D:7)
  5 adders
  4 white imps
  3 ufetubi
  2 adder skeletons (D:4)
  A worm (D:3)
  3 dart slugs
  59 orcs
  16 endoplasms
  A giant cockroach (D:2)
  4 goblins
  7 hobgoblins
  4 jackals (D:2)
  7 kobolds
  A quokka (D:5)
  4 ball pythons
  2 bats
  3 frilled lizards
  3 goblin zombies (Ossuary)
  2 hobgoblin zombies (Ossuary)
  4 kobold zombies (Ossuary)
  An orc zombie (Ossuary)
  3 rats
579 creatures vanquished.

Vanquished Creatures (collateral kills)
  Snorg (Lair:5)
  2 two-headed ogres
  A moth of wrath (D:10)
  2 torpor snails (Lair:6)
  An elephant (Lair:6)
  2 komodo dragons
  A rime drake (Lair:6)
  A troll (Orc:2)
  A blink frog (Lair:3)
  3 dream sheep
  A culicivora (Spider:1)
  5 yaks
  A warg (Orc:2)
  An acid dragon (D:11)
  2 water moccasins
  An orc warrior (Orc:1)
  5 ogres (Orc:2)
  A wolf (Lair:4)
  A centaur (D:9)
  A bullfrog (Lair:5)
  2 scorpions (Ossuary)
  3 killer bees
  An electric eel (D:9)
  A wight (D:10)
  A howler monkey (D:8)
  A crimson imp (D:7)
  A human zombie (Ossuary)
  An orc priest (Orc:2)
  An orc wizard (D:8)
  A scorpion zombie (Ossuary)
  A killer bee zombie (D:7)
  A howler monkey zombie (D:8)
  7 orcs
  A hobgoblin zombie (Ossuary)
  2 kobold zombies (Ossuary)
  An orc zombie (Ossuary)
60 creatures vanquished.

Vanquished Creatures (others)
  19 hexers
  46 fungi
  90 plants
  5 withered plants (Gauntlet)
160 creatures vanquished.

Grand Total: 799 creatures vanquished

Notes
Turn   | Place    | Note
-------+----------+-------------------------------------------
     0 | D:1      | Majang the Kobold Earth Elementalist began the quest for
                  | the Orb.
     0 | D:1      | Reached XP level 1. HP: 10/10 MP: 3/3
   439 | D:1      | Reached XP level 2. HP: 6/15 MP: 5/5
   620 | D:1      | Learned a level 2 spell: Passwall
  1754 | D:1      | Reached XP level 3. HP: 19/19 MP: 6/6
  1758 | D:1      | Learned a level 3 spell: Stone Arrow
  2399 | D:2      | Found Tullaek's Antique Armour Shop.
  2748 | D:2      | Noticed Natasha
  2755 | D:2      | Killed Natasha
  2756 | D:2      | Reached skill level 4 in Earth Magic
  2756 | D:2      | Reached XP level 4. HP: 24/24 MP: 6/8
  2783 | D:2      | Noticed Natasha
  2790 | D:2      | Killed Natasha
  2905 | D:2      | Noticed Natasha
  2911 | D:2      | Killed Natasha
  2912 | D:2      | Reached XP level 5. HP: 9/28 MP: 5/10
  3221 | D:2      | Learned a level 4 spell: Petrify
  3770 | D:3      | Found Ofenonauck's General Store.
  3783 | D:3      | Reached skill level 5 in Earth Magic
  4080 | D:3      | Found an ancient bone altar of Kikubaaqudgha.
  4171 | D:3      | Noticed Grinder
  4191 | D:3      | Killed Grinder
  4192 | D:3      | Reached skill level 1 in Fighting
  4192 | D:3      | Reached skill level 1 in Short Blades
  4192 | D:3      | Reached skill level 1 in Conjurations
  4192 | D:3      | Reached XP level 6. HP: 19/34 MP: 7/11
  4362 | D:3      | Found a faded altar of an unknown god.
  4397 | D:3      | Noticed Jessica
  4408 | D:3      | Killed Jessica
  4409 | D:3      | Reached XP level 7. HP: 25/38 MP: 12/12
  4609 | D:3      | Bought a +0 buckler for 45 gold pieces
  4609 | D:3      | Bought a scroll of teleportation for 30 gold pieces
  4932 | D:4      | Found Kecaacol's Armour Shop.
  5221 | D:4      | Found Ockiogai's General Store.
  5293 | D:4      | Found Opse's General Store.
  5298 | D:4      | Bought a potion of curing for 33 gold pieces
  5594 | D:4      | Found Otistrab's Jewellery Emporium.
  5847 | D:5      | Entered Level 5 of the Dungeon
  5948 | D:5      | Noticed Dowan
  6074 | D:5      | Noticed Duvessa
  6076 | D:5      | Killed Dowan
  6077 | D:5      | Reached skill level 1 in Shields
  6087 | D:5      | Killed Duvessa
  6088 | D:5      | Reached XP level 8. HP: 44/44 MP: 14/14
  6143 | D:5      | Reached skill level 6 in Earth Magic
  6562 | D:5      | Noticed Edmund
  6569 | D:5      | Killed Edmund
  6882 | D:5      | Found a hazy altar of Hepliaklqana.
  7144 | D:5      | Became a worshipper of Hepliaklqana the Forgotten
  7626 | D:6      | Reached skill level 5 in Stealth
  7699 | D:6      | Reached XP level 9. HP: 47/49 MP: 9/15
  7774 | D:6      | Found a shadowy altar of Dithmenos.
  7837 | D:6      | Reached skill level 1 in Invocations
  8382 | D:6      | Reached skill level 7 in Earth Magic
  8424 | D:6      | Reached skill level 5 in Spellcasting
  8427 | D:6      | Reached skill level 5 in Dodging
  8436 | D:6      | Reached XP level 10. HP: 38/56 MP: 17/17
  8551 | D:6      | Found a basalt altar of Yredelemnul.
  8756 | D:6      | Found a runed translucent door.
  8762 | D:6      | Noticed Tycho's ghost (novice GrEE)
  8789 | D:7      | Found a broken altar of Ashenzari.
  8983 | D:7      | Noticed a deep elf zephyrmancer
  8995 | D:7      | Killed a deep elf zephyrmancer
  8996 | D:7      | Reached skill level 5 in Short Blades
  9273 | D:7      | Reached * piety under Hepliaklqana
  9476 | D:7      | Found a staircase to the Ecumenical Temple.
  9482 | Temple   | Entered the Ecumenical Temple
  9666 | D:7      | Found a burning altar of Makhleb.
  9804 | D:8      | Reached skill level 8 in Earth Magic
 10125 | D:8      | Noticed a deep elf pyromancer
 10128 | D:8      | Killed a deep elf pyromancer
 10245 | D:8      | Reached XP level 11. HP: 48/55 MP: 17/19
 10383 | D:8      | Reached ** piety under Hepliaklqana
 10384 | D:8      | Remembered your ancestor Eumel as a hexer
 10423 | D:8      | Found a sand-covered staircase.
 10429 | Ossuary  | Entered an ossuary
 10732 | Ossuary  | Reached skill level 5 in Fighting
 11454 | D:9      | Noticed a cyclops
 11455 | D:9      | Killed a cyclops
 11684 | D:9      | Found a transporter.
 11712 | D:9      | Reached skill level 5 in Transmutations
 11752 | D:9      | Found a transporter.
 12979 | D:10     | Entered Level 10 of the Dungeon
 12979 | D:10     | Found a staircase to the Lair.
 12988 | D:10     | Reached skill level 5 in Conjurations
 13074 | D:10     | Reached skill level 9 in Earth Magic
 13130 | D:10     | Reached *** piety under Hepliaklqana
 13411 | D:10     | Noticed a moth of wrath
 13429 | D:10     | Found a transporter.
 13431 | D:10     | Noticed bezhaha's ghost (journeyman OpWz)
 13447 | D:10     | Found a transporter.
 14013 | D:10     | Found a blossoming altar of Fedhas.
 14318 | Lair:1   | Entered Level 1 of the Lair of Beasts
 14537 | Lair:1   | Noticed a five-headed hydra
 14550 | Lair:1   | Reached XP level 12. HP: 62/62 MP: 21/21
 14552 | Lair:1   | Reached **** piety under Hepliaklqana
 14764 | Lair:1   | Reached skill level 5 in Invocations
 14978 | Lair:1   | Killed a five-headed hydra
 15282 | Lair:2   | You fall into a shaft and drop 2 floors!
 16380 | Lair:3   | Found a hole to the Spider Nest.
 16380 | Lair:3   | Noticed an orb spider
 16386 | Lair:3   | Killed an orb spider
 16442 | Lair:3   | Found a transporter.
 16442 | Lair:3   | Found a transporter.
 16445 | Lair:3   | Noticed highc0's ghost (journeyman HuWr)
 16553 | Lair:3   | Reached skill level 10 in Earth Magic
 16766 | Lair:2   | Noticed a six-headed hydra
 17088 | Lair:2   | Identified a scroll of acquirement
 17089 | Lair:2   | Acquired 858 gold pieces
 17153 | Lair:2   | Reached ***** piety under Hepliaklqana
 17675 | Lair:2   | Reached skill level 5 in Shields
 17999 | Lair:2   | Killed a six-headed hydra
 18000 | Lair:2   | Reached XP level 13. HP: 68/68 MP: 16/23
 18231 | Lair:3   | Noticed a seven-headed hydra
 18245 | Lair:3   | Killed a seven-headed hydra
 18616 | Lair:4   | Reached skill level 10 in Stealth
 19022 | Lair:4   | Found a staircase to the Shoals.
 19053 | Lair:4   | Reached skill level 11 in Earth Magic
 19789 | Lair:5   | Noticed Snorg
 19802 | Lair:5   | Killed Snorg
 20189 | Lair:5   | Noticed a seven-headed hydra
 20193 | Lair:5   | Killed a seven-headed hydra
 20590 | Lair:6   | Entered Level 6 of the Lair of Beasts
 20695 | Lair:6   | Noticed an eight-headed hydra
 20704 | Lair:6   | Killed an eight-headed hydra
 20731 | Lair:6   | Reached XP level 14. HP: 74/74 MP: 22/26
 21192 | Lair:6   | Found a staircase to the Slime Pits.
 21817 | Lair:6   | Identified the +7 mace "Zojockum" {drain, Fly rF- Will++
                  | Stlth+}
 21936 | Lair:6   | Found a runed translucent door.
 22000 | Lair:6   | Reached skill level 10 in Short Blades
 22141 | Lair:6   | Reached skill level 12 in Earth Magic
 22550 | D:11     | Found Viewkigu's Assorted Antiques.
 22551 | D:11     | Found Ciusody's Distillery.
 22552 | D:11     | Found Elood's Magic Scroll Emporium.
 22554 | D:11     | Found Ycutagaw's Antique Armour Emporium.
 22557 | D:11     | Bought a scroll of enchant armour for 105 gold pieces
 22557 | D:11     | Bought a scroll of enchant armour for 105 gold pieces
 22920 | D:11     | You fall into a shaft and drop 1 floor!
 23172 | D:12     | Found a gate leading to a gauntlet.
 23180 | Gauntlet | Entered a Gauntlet
 23192 | Gauntlet | Found a transporter.
 23193 | Gauntlet | Found a transporter.
 23213 | Gauntlet | Found a transporter.
 23215 | Gauntlet | Reached ****** piety under Hepliaklqana
 23255 | Gauntlet | Found a transporter.
 23269 | Gauntlet | Found a transporter.
 23282 | Gauntlet | Found a transporter.
 23300 | Gauntlet | Found a transporter.
 23312 | Gauntlet | Found a transporter.
 23331 | Gauntlet | Found a transporter.
 23343 | Gauntlet | Found a transporter.
 23350 | Gauntlet | Found a transporter.
 23406 | Gauntlet | Found a transporter.
 23817 | D:11     | Found a bloodstained altar of Trog.
 23823 | D:11     | Reached XP level 15. HP: 80/80 MP: 27/27
 24185 | D:6      | Killed Tycho's ghost
 24478 | D:12     | Found Fumukemom's Armour Boutique.
 24480 | D:12     | Found a staircase to the Orcish Mines.
 24484 | D:12     | Found Xazyicoe's Weapon Boutique.
 24569 | D:12     | Found a large runed translucent door.
 24570 | D:12     | Found a large runed translucent door.
 24644 | D:12     | Reached skill level 10 in Dodging
 24646 | D:12     | Found a large runed translucent door.
 24646 | D:12     | Found a large runed translucent door.
 25788 | D:10     | Killed bezhaha's ghost
 25937 | D:10     | Identified the +5 dagger of Tension {drain, rElec rC- rN++
                  | Dex+2}
 26407 | Lair:3   | Got the Collected Works on Dusty Displacement
 26824 | Lair:3   | Killed highc0's ghost
 26951 | Orc:1    | Entered Level 1 of the Orcish Mines
 27053 | Orc:2    | Entered Level 2 of the Orcish Mines
 27719 | Orc:2    | Found Rucohefi's General Store.
 27954 | Orc:2    | Reached skill level 13 in Earth Magic
 28620 | Orc:2    | Found Ofyb's Armour Boutique.
 28624 | Orc:2    | Bought a +1 helmet of intelligence for 198 gold pieces
 28627 | Orc:2    | Found Omustram's Distillery.
 28631 | Orc:2    | Bought a potion of invisibility for 112 gold pieces
 28631 | Orc:2    | Bought a potion of haste for 140 gold pieces
 28631 | Orc:2    | Bought a potion of curing for 42 gold pieces
 28633 | Orc:2    | Found Rumeob's Jewellery Shop.
 28638 | Orc:2    | Bought a ring of poison resistance for 360 gold pieces
 28755 | Orc:2    | Reached XP level 16. HP: 86/86 MP: 25/29
 29222 | Orc:2    | Found a staircase to the Elven Halls.
 29604 | D:4      | Bought the ring of Suicidal Tendencies {rCorr Int+9 Dex-2}
                  | for 500 gold pieces
 29661 | D:3      | Bought 3 scrolls of enchant armour for 225 gold pieces
 29661 | D:3      | Bought 2 potions of brilliance for 80 gold pieces
 29896 | Spider:1 | Entered Level 1 of the Spider Nest
 30197 | Spider:1 | Noticed Donald
 30233 | Spider:1 | Demolished by Donald

Illustrated notes

Levels and vault maps discovered:
D:1:      elethiomel_arrival_fortress_basement, layout_loops_ring,
          dk_noncrumbling_4
D:2:      layout_loops_cross, serial_shops, shop, uniq_natasha
D:3:      layout_basic, nicolae_kikubaaqudgha_miasma_corner,
          nicolae_ecumenical_oubliette, serial_shops, shop, uniq_jessica,
          uniq_grinder
D:4:      layout_basic, serial_shops, nicolae_shop_statue_plus,
          nicolae_shop_advertising_works [nicolae_subvault_shop_adworks], shop,
          nicolae_shop_trees
D:5:      layout_rooms, nicolae_hepliaklqana_hippocampus, hangedman_decor_push,
          kennysheep_generic_room_8, uniq_edmund, uniq_duvessa
D:6:      layout_basic, grunt_dithmenos_smoke_and_mirrors,
          mainiacjoe_overflow_alcove_4, ebering_ghost_reflecting_pool,
          kennysheep_small_circle
D:7:      layout_rooms, makhleb_grotto_becter, evilmike_ruin_ashenzari,
          minmay_temple_entry_poolview, corexii_corridor_pit,
          serial_bayou_ford_a, guppyfry_early_elven_hall
D:8:      layout_loops_corners, nicolae_ossuary_entry_monument
D:9:      gammafunk_steamed_eel, layout_basic, serial_park_tiny_1,
          mumra_transporter_accident, minmay_misc_feat_four_crosses
D:10:     layout_gridville, kennysheep_mini, lair_entry_dummy,
          gammafunk_ghost_berserking_beasts
D:11:     layout_gridville, minmay_shop_grid_forest, trog_ov_bears_minmay
D:12:     layout_long_grid, orc_david_3, gauntlet_entry_generic,
          skrybe_limestone_x, minmay_strange_pillars,
          minmay_hollow_rounded_squares
Temple:   eino_wide_crystal_templ
Lair:1:   layout_gridlike, wad_woods_road_01
Lair:2:   layout_roguey
Lair:3:   layout_regular_city, nicolae_spider_entry_orb_guardian,
          gammafunk_ghost_hive, grunt_megastairs_5
Lair:4:   layout_small_grid, shoals_dummy_entry, serial_bayou_shore_b,
          grunt_megastairs_3
Lair:5:   layout_cellular_growth, uniq_snorg
Lair:6:   guppyfry_lair_end_dragon, layout_misc_corridors, wormcave,
          minmay_slime_entry_jelly_boxes, grunt_megastairs_1
Spider:1: layout_spider_delve, hangedman_spider_trapstep, uniq_frances,
          uniq_aizul, uniq_donald
Orc:1:    layout_diamond_mine, serial_shops
Orc:2:    st_orc_open, layout_diamond_mine, basic_altar

Skill      XL: |  1  2  3  4  5  6  7  8  9 10 11 12 13 14 15 16 |
---------------+-------------------------------------------------+-----
Spellcasting   | 3 4 5 6 7 8 9 |  9.4
Earth Magic    | 4 5 6 7 8 9 10 11 12 13 | 13.2
Fighting       | 1 2 3 4 5 6 7 8 9 |  9.6
Short Blades   | 1 2 3 4 5 7 8 9 10 11 | 11.4
Stealth        | 3 4 5 6 7 8 9 10 11 12 | 12.7
Conjurations   | 1 2 3 4 5 6 7 |  7.4
Dodging        | 3 4 5 6 8 9 10 | 10.8
Transmutations | 2 3 4 5 6 7 |  7.4
Shields        | 1 2 3 4 5 |  5.6
Invocations    | 2 3 4 6 7 8 9 |  9.0

Action                   |  1- 3 |  4- 6 |  7- 9 | 10-12 | 13-15 | 16-18 || total
-------------------------+-------+-------+-------+-------+-------+-------++-------
Melee: Unarmed           |     6 |       |       |       |       |       ||     6
       Club              |    28 |       |       |       |       |       ||    28
       Short sword       |    11 |       |       |       |       |       ||    11
       Dagger            |    10 |    73 |   190 |   518 |   972 |   105 ||  1868
 Cast: Sandblast         |    17 |    15 |    18 |    48 |    53 |     9 ||   160
       Petrify           |       |       |     2 |       |    26 |     8 ||    36
       Stone Arrow       |       |       |    28 |    67 |   194 |     4 ||   293
Invok: Ancestor Identity |       |       |       |     1 |       |       ||     1
       Ancestor Life: He |       |       |       |     1 |       |       ||     1
       Recall Ancestor   |       |       |       |     2 |     4 |       ||     6
Evoke: Wand              |       |       |       |     5 |     2 |       ||     7
  Use: Scroll            |       |       |    12 |    19 |     6 |     3 ||    40
       Potion            |       |       |       |     4 |     5 |     3 ||    12
 Stab: Sleeping          |    12 |    12 |    18 |    49 |    60 |    12 ||   163
       Petrified         |       |       |     5 |       |     8 |     2 ||    15
       Distracted        |       |       |     2 |     5 |    12 |     1 ||    20
       Confused          |       |       |       |     9 |    15 |       ||    24
       Petrifying        |       |       |       |       |    13 |     1 ||    14
       Paralysed         |       |       |       |       |    14 |     5 ||    19
Armor: Robe              |     4 |    11 |    20 |    17 |       |       ||    52
       Skin              |       |       |     1 |       |       |       ||     1
       Steam dragon scal |       |       |       |    49 |    30 |       ||    79
       Troll leather arm |       |       |       |       |    69 |    16 ||    85
Dodge: Dodged            |    28 |    38 |    76 |   282 |   479 |    56 ||   959
Block: Buckler           |       |       |    25 |   132 |   215 |    25 ||   397

Table legend: (Time is in decaauts)
 A = Elapsed time spent in this place.
 B = Non-inter-level travel time spent in this place.
 C = Inter-level travel time spent in this place.
 D = Time resting spent in this place.
 E = Time spent auto-exploring this place.
 F = Levels seen in this place.
 G = Mean time per level.
                   A        B        C        D        E       F      G
               +--------+--------+--------+--------+--------+-----+--------+
         Total |  29577 |  27246 |   2331 |   7814 |  12431 |  24 | 1232.4 |
       Dungeon |  17404 |  15925 |   1479 |   5332 |   7431 |  12 | 1450.3 |
        Temple |     87 |     87 |      0 |      0 |      0 |   1 |   87.0 |
          Lair |   8876 |   8114 |    762 |   1829 |   3842 |   6 | 1479.3 |
   Spider Nest |    252 |    252 |      0 |     79 |     45 |   1 |  252.0 |
  Orcish Mines |   2346 |   2257 |     89 |    572 |   1092 |   2 | 1173.0 |
       Ossuary |    360 |    360 |      0 |      2 |     21 |   1 |  360.0 |
      Gauntlet |    249 |    249 |      0 |      0 |      0 |   1 |  249.0 |
               +--------+--------+--------+--------+--------+-----+--------+

Top non-repeatable levels by time:
     D:1: 2407 daAuts
  Lair:3: 1954 daAuts
    D:10: 1796 daAuts
     D:5: 1734 daAuts
  Lair:6: 1712 daAuts
     D:9: 1675 daAuts
  Lair:4: 1581 daAuts
   Orc:2: 1556 daAuts
  Lair:1: 1520 daAuts
    D:12: 1500 daAuts
     D:6: 1410 daAuts
     D:8: 1308 daAuts
     D:4: 1302 daAuts
     D:2: 1287 daAuts
  Lair:5: 1145 daAuts
